 Dungeon Crawl Stone Soup version 0.18-a0-717-g59c076b (webtiles) character file.

3334 Proton the Blocker (level 10, -3/79 HPs)
             Began as a Formicid Fighter on Dec 8, 2015.
             Was a Follower of Cheibriados.
             Slain by a warg (7 damage)
             ... on level 8 of the Dungeon.
             The game lasted 00:13:57 (8936 turns).

Proton the Blocker (Formicid Fighter)               Turns: 8936, Time: 00:13:57

Health: -3/79      AC: 15    Str: 25    XL:     10   Next: 22%
Magic:  11/11      EV:  9    Int: 11    God:    Cheibriados [*.....]
Gold:   431        SH: 11    Dex: 12    Spells: 0 memorised, 9 levels left

rFire  . . .     SeeInvis +     r - +1 hand axe (chop)
rCold  + . .     Clarity  .     H - +0 plate armour
rNeg   . . .     SustAt   .     c - +0 shield
rPois  .         Gourm    .     (helmet unavailable)
rElec  .         Spirit   .     (no cloak)
rCorr  .         Dismiss  .     u - +0 pair of gloves
rMut   .         Stasis   +     s - +0 pair of boots
MR     +....                    (no amulet)
Stlth  ..........               (no ring)
                                C - ring of protection from cold

@: very slow, somewhat resistant to hostile enchantments, extremely unstealthy
A: permanent stasis, dig shafts and tunnels, four strong arms, antennae 3
a: Dig, Shaft Self, Bend Time, Renounce Religion


You were on level 8 of the Dungeon.
You worshipped Cheibriados.
Cheibriados was aware of your devotion.
You were not hungry.

You visited 2 branches of the dungeon, and saw 10 of its levels.

You collected 431 gold pieces.

Inventory:

Hand Weapons
 a - a +0 war axe
 r - a +1 hand axe of chopping (weapon)
Armour
 c - a +0 shield (worn)
 s - a +0 pair of boots (worn)
 u - a +0 pair of gloves (worn)
 H - a +0 plate armour (worn)
Jewellery
 C - a ring of protection from cold (left hand)
Wands
 B - a wand of cold (6)
 F - a wand of polymorph (10)
 K - a wand of polymorph (6)
Scrolls
 g - 10 scrolls of remove curse {unknown}
 k - 4 scrolls of teleportation {unknown}
 n - a scroll of vulnerability {unknown}
 o - a scroll of fear {unknown}
 p - 9 scrolls of identify {unknown}
 q - 2 scrolls of random uselessness {unknown}
 t - 2 scrolls of amnesia {unknown}
 v - a scroll of noise {unknown}
 x - 2 scrolls of recharging {unknown}
 y - a scroll of fog {unknown}
 z - a scroll of blinking {unknown}
 A - 2 scrolls of magic mapping {unknown}
 J - a scroll of acquirement {unknown}
Potions
 d - a potion of might
 e - a potion of heal wounds {unknown}
 f - a potion of experience {unknown}
 h - a potion of mutation {unknown}
 i - a potion of cure mutation
 j - 2 potions of agility
 m - a potion of flight {unknown}
 w - a potion of cancellation {unknown}
 D - a potion of poison {unknown}
 E - 2 potions of resistance {unknown}
 G - a potion of ambrosia {unknown}
 I - a potion of lignification
Comestibles
 b - a fruit
 l - 5 meat rations


   Skills:
 + Level 7.2 Fighting
 + Level 6.6 Axes
 + Level 7.3 Armour
 + Level 5.5 Dodging
 + Level 8.1 Shields
 + Level 2.5 Invocations


You had 9 spell levels left.
You didn't know any spells.

Dungeon Overview and Level Annotations

Branches:
Dungeon (9/15)             Temple (1/1) D:6
   Lair: D:8-11         Orc: D:9-12

Altars:
Ashenzari
Cheibriados
Dithmenos
Elyvilon
Fedhas
Gozag
Kikubaaqudgha
Makhleb
Nemelex Xobeh
Okawaru
Pakellas
Qazlal
Ru
Sif Muna
Trog
Vehumet
Xom
Yredelemnul
Zin
The Shining One

Annotations:
D:3 Proton's ghost, novice FoFi
D:8 Proton's ghost, novice NaFi


Innate Abilities, Weirdness & Mutations

You are under a permanent stasis effect.
You can dig through walls and to a lower floor.
Your four strong arms can wield two-handed weapons with a shield.
You have a pair of large antennae on your head (SInv).


Message History

The orc wizard gestures at you while chanting.
The magic dart hits you!
* * * LOW HITPOINT WARNING * * *
You block the warg's attack.
You closely miss the orc priest.
The orc priest is moderately wounded.
You hit the warg but do no damage.
The warg is moderately wounded.
You closely miss the orc wizard.
The orc wizard is almost dead.
You block the orc priest's attack. You block the warg's attack.
You block the orc wizard's attack.
You hit the orc priest.
The orc priest is heavily wounded.
You hit the orc wizard but do no damage.
The orc wizard is almost dead.
You hit the warg but do no damage.
The warg is moderately wounded.
The warg bites you!
You die...

# # # # ### #########
..# #.......#
#.#####.#####.#
.....##.#####.#####
...#.##.##.....o@o#
#..#.##.##.##.###h#
..............# #.#
...#.########## #.#
...[.# ##.## ##.####
##.#.#### ......###
##.###...#
##......######.## ##..#
##.##.#[....###!###.#.#


You could see a warg, an orc priest and an orc wizard (invisible).

Vanquished Creatures
  Pikel (D:5)
  Eustachio (D:6)
  Edmund (D:6)
  A hippogriff (D:8)
  A water moccasin (D:8)
  3 phantoms
  A sky beast (D:8)
  5 ogres
  A centaur (D:5)
  A crocodile (D:8)
  A giant frog (D:7)
  3 scorpions
  4 wights (D:6)
  4 killer bees (D:8)
  5 crimson imps
  2 orc priests
  A centaur skeleton (D:4)
  An iguana (D:8)
  A giant frog skeleton (D:8)
  A giant frog zombie (D:5)
  A hound (D:5)
  A quasit (D:8)
  4 orc wizards (D:8)
  6 worker ants
  A hound skeleton (D:7)
  3 gnolls (D:5)
  2 worker ant zombies (D:6)
  7 adders
  3 shadow imps
  2 oozes
  2 adder skeletons (D:4)
  2 worms (D:2)
  A giant gecko (D:3)
  22 orcs
  5 bats
  5 giant cockroaches
  7 hobgoblins
  4 jackals (D:2)
  7 kobolds
  2 quokkas
  A giant gecko zombie (D:6)
  3 giant newts
  4 goblins (D:2)
  2 quokka skeletons
  A quokka zombie (D:6)
  9 rats
146 creatures vanquished.

Vanquished Creatures (others)
  A slave (D:5)
  An orc wizard (D:5)
  An orc (D:5)
  A plant (D:6)
4 creatures vanquished.

Grand Total: 150 creatures vanquished

Notes
Turn   | Place    | Note
--------------------------------------------------------------
     0 | D:1      | Proton the Formicid Fighter began the quest for the Orb.
     0 | D:1      | Reached XP level 1. HP: 18/18 MP: 1/1
   169 | D:1      | Reached skill level 4 in Shields
   169 | D:1      | Reached XP level 2. HP: 20/24 MP: 2/2
   761 | D:2      | Reached XP level 3. HP: 29/29 MP: 3/3
   874 | D:2      | Reached skill level 1 in Dodging
  1135 | D:2      | Reached XP level 4. HP: 36/36 MP: 4/4
  1723 | D:3      | Noticed Proton's ghost (novice FoFi)
  2118 | D:4      | Reached XP level 5. HP: 38/42 MP: 5/5
  2932 | D:5      | Entered Level 5 of the Dungeon
  2995 | D:5      | Noticed an ogre
  3003 | D:5      | Killed an ogre
  3003 | D:5      | Reached XP level 6. HP: 48/48 MP: 6/6
  3130 | D:5      | Reached skill level 5 in Shields
  3191 | D:5      | Reached XP level 7. HP: 38/55 MP: 7/7
  3652 | D:5      | Noticed Pikel
  3679 | D:5      | Killed Pikel
  3679 | D:5      | Reached skill level 5 in Fighting
  3679 | D:5      | Reached skill level 5 in Armour
  3679 | D:5      | Reached skill level 6 in Shields
  3679 | D:5      | Reached XP level 8. HP: 25/63 MP: 8/8
  3841 | D:5      | Reached skill level 5 in Axes
  4224 | D:6      | Reached XP level 9. HP: 63/69 MP: 9/9
  4344 | D:6      | HP: 1/69 [wight/great sword (3)]
  4761 | D:6      | Noticed Edmund
  4796 | D:6      | Killed Edmund
  4796 | D:6      | Reached skill level 7 in Shields
  4831 | D:6      | Found a staircase to the Ecumenical Temple.
  4876 | Temple   | Entered the Ecumenical Temple
  4960 | Temple   | Became a worshipper of Ru the Awakened
  5165 | D:6      | Noticed Eustachio
  5192 | D:6      | Killed Eustachio
  5403 | D:6      | Found a blossoming altar of Fedhas.
  5989 | D:3      | HP: 3/71 [Proton's ghost (6)]
  6892 | D:7      | Found an oddly glowing altar of Pakellas.
  6894 | D:7      | Found a white marble altar of Elyvilon.
  6902 | D:7      | Found a snail-covered altar of Cheibriados.
  6905 | D:7      | Found a shadowy altar of Dithmenos.
  6948 | D:7      | Fell from the grace of Ru
  6948 | D:7      | Became a worshipper of Cheibriados the Contemplative
  7452 | D:8      | Noticed an iron golem
  7452 | D:8      | Noticed an iron golem
  7452 | D:8      | Noticed an iron golem
  7452 | D:8      | Noticed an iron golem
  7457 | D:8      | Noticed Proton's ghost (novice NaFi)
  7749 | D:8      | Found a basalt altar of Yredelemnul.
  7838 | D:8      | Reached skill level 5 in Dodging
  8173 | D:8      | Reached skill level 1 in Invocations
  8459 | D:8      | Reached XP level 10. HP: 77/77 MP: 10/10
  8468 | D:8      | Reached * piety under Cheibriados
  8620 | D:8      | Reached skill level 8 in Shields
  8876 | D:8      | Found a bloodstained altar of Trog.
  8876 | D:8      | Found a stormy altar of Qazlal.
  8877 | D:8      | Found an ancient bone altar of Kikubaaqudgha.
  8934 | D:8      | HP: 3/79 [orc wizard/magic dart (10)]
  8936 | D:8      | Slain by a warg

Vault maps used:
D:1:      dpeg_arrival_pits
D:2:      kennysheep_big_flooded_room, first_bread, kennysheep_flooded_box
D:5:      grunt_ministairs_2, uniq_pikel
D:6:      minmay_temple_entry_butterflies, abandoned_shop,
          fedhas_altar_decomposition, uniq_edmund, uniq_eustachio
D:7:      statuecave_lemuel, minitemple
D:8:      cheibrodos_stairvault_heist, gammafunk_temple_overflow_claw,
          basic_altar
D:9:      due_lair_maze_entry_diamond, erik_orc_4, serial_gnoll_camp,
          gnoll_camp_mini_loothouse, gnoll_camp_mini_hut, gnoll_camp_mini_shop,
          gnoll_camp_medium_02, gnoll_camp_mini_doghouse, basic_altar,
          uniq_prince_ribbit1
Temple:   nicolae_temple_god_jail

Action                   |  1- 3 |  4- 6 |  7- 9 | 10-12 || total
-------------------------+-------+-------+-------+-------++-------
Melee: War axe           |    43 |       |       |       ||    43
       Hand axe          |    57 |   102 |   529 |    88 ||   776
 Abil: Dig               |       |     2 |     4 |       ||     6
  Use: Potion            |       |       |     6 |       ||     6
 Stab: Invisible         |       |       |     7 |       ||     7
  Eat: Beef jerky        |       |     4 |       |       ||     4
       Pizza             |       |     1 |     1 |       ||     2
       Bread ration      |       |       |     3 |       ||     3
       Meat ration       |       |       |     1 |       ||     1
